 Dungeon Crawl Stone Soup version 0.15.2 (webtiles) character file.

650 Heini the Covered (level 7, 0/63 HPs)
             Began as a Minotaur Fighter on Feb 22, 2015.
             Slain by a black bear skeleton (3 damage)
             ... on Level 5 of the Dungeon.
             The game lasted 00:10:44 (3818 turns).

Heini the Covered (Minotaur Fighter)                Turns: 3818, Time: 00:10:44

HP   0/63        AC  9     Str 22      XL: 7   Next: 28%
MP   3/3         EV  7     Int  5      God:
Gold 127         SH  9     Dex 10      Spells:  0 memorised,  6 levels left

rFire  . . .     SeeInvis .     a - +0 flail
rCold  . . .     Clarity  .     b - +0 scale mail
rNeg   . . .     rCorr    .     c - +0 shield
rPois  .         rRot     .     (helmet restricted)
rElec  .         Spirit   .     m - +0 cloak
SustAb .         Warding  .     (no gloves)
rMut   .         Stasis   .     (no boots)
Gourm  .                        (no amulet)
MR     .....                    (no ring)
                                (no ring)

@: not resistant to hostile enchantments, extremely unstealthy
A: retaliatory headbutt, horns 2
a: no special abilities


You were on level 5 of the Dungeon.
You were hungry.

You visited 1 branch of the dungeon, and saw 5 of its levels.

You collected 127 gold pieces.

Inventory:

Hand weapons
 a - a +0 flail (weapon)
Armour
 b - a +0 scale mail (worn)
 c - a +0 shield (worn)
 m - a +0 cloak (worn)
Magical devices
 k - a wand of magic darts (24)
 t - a wand of invisibility (2) {unknown}
 u - a wand of random effects (5) {unknown}
 y - a wand of paralysis (5) {unknown}
Comestibles
 d - a bread ration
 g - 2 beef jerkies
 i - 2 fruits
 q - a rotting chunk of jackal flesh
 r - 2 meat rations
Scrolls
 o - 2 scrolls of teleportation
 v - a scroll of recharging
Potions
 f - 2 potions of lignification {unknown}
 h - 2 potions of magic {unknown}
 l - 2 potions of curing {unknown}
 n - a potion of brilliance {unknown}
 p - a potion of haste {unknown}
 w - a potion of confusion {unknown}
 x - a potion of mutation {unknown}


   Skills:
 * Level 6.1 Fighting
 * Level 5.7 Maces & Flails
 * Level 7.1 Armour
 - Level 3.6 Shields


You had 6 spell levels left.
You didn't know any spells.

Dungeon Overview and Level Annotations

Branches:
Dungeon (5/15)
 Temple: D:4-7

Altars:
Nemelex Xobeh

Annotations:
D:5 Prince Ribbit


Innate Abilities, Weirdness & Mutations

You reflexively headbutt those who attack you in melee.
You have a pair of horns on your head.


Message History

Prince Ribbit is almost dead.
You block Prince Ribbit's attack.
The black bear skeleton barely misses you.
The black bear skeleton claws you but does no damage.
The black bear skeleton closely misses you.
Prince Ribbit hits you!
* * * LOW HITPOINT WARNING * * *
You closely miss Prince Ribbit. Your headbutt misses Prince Ribbit.
Prince Ribbit is almost dead.
You block Prince Ribbit's attack.
The black bear skeleton bites you but does no damage.
You block the black bear skeleton's attack.
The black bear skeleton claws you but does no damage.
Prince Ribbit hits you but does no damage.
You hit Prince Ribbit but do no damage.
Prince Ribbit is almost dead.
Prince Ribbit hits you!
* * * LOW HITPOINT WARNING * * *
The black bear skeleton bites you.
You die...

... ....# .#..### .......
.. .##...####...
##.##.#....... . .####..
#.... ..o #. .....# #..##
.. #. #..###.F@# .# ..
#......#Z##.###....
.#####.#.#..###...........
.........<....####.####...
.######.)####.# .# .....#
.# .# ..####.# # .. #.# ..
#.. ..Z


You could see Prince Ribbit and a black bear skeleton.

Vanquished Creatures
  The ghost of Heini the Covered, an average MiFi (D:3)
  An ogre (D:4)
  A giant frog skeleton (D:4)
  An orc priest (D:3)
  Crazy Yiuf (D:2)
  2 hounds (D:4)
  2 orc wizards
  A worker ant (D:4)
  Jessica (D:2)
  3 gnolls (D:4)
  9 adders
  4 worms
  An adder skeleton (D:4)
  4 giant geckos
  7 orcs
  8 goblins
  9 hobgoblins
  13 jackals
  7 bats
  2 giant cockroaches
  A giant newt (D:1)
  11 kobolds
  15 rats
105 creatures vanquished.

Notes
Turn   | Place    | Note
--------------------------------------------------------------
     0 | D:1      | Heini, the Minotaur Fighter, began the quest for the Orb.
     0 | D:1      | Reached XP level 1. HP: 19/19 MP: 1/1
   256 | D:1      | Reached skill level 4 in Fighting
   258 | D:1      | Reached XP level 2. HP: 27/27 MP: 1/1
   997 | D:2      | Reached XP level 3. HP: 21/34 MP: 2/2
  1449 | D:2      | Noticed Jessica
  1457 | D:2      | Killed Jessica
  1457 | D:2      | Reached XP level 4. HP: 26/41 MP: 2/2
  1616 | D:2      | Reached skill level 5 in Armour
  1811 | D:2      | Found a sparkling altar of Nemelex Xobeh.
  1912 | D:2      | Noticed Crazy Yiuf
  1918 | D:2      | Killed Crazy Yiuf
  1918 | D:2      | Reached XP level 5. HP: 18/47 MP: 2/2
  2122 | D:3      | Reached skill level 5 in Fighting
  2393 | D:3      | Noticed Heini's ghost (average MiFi)
  2404 | D:3      | Killed Heini's ghost
  2404 | D:3      | Reached skill level 6 in Armour
  2404 | D:3      | Reached XP level 6. HP: 56/56 MP: 3/3
  2815 | D:4      | Reached skill level 5 in Maces & Flails
  3277 | D:4      | Reached XP level 7. HP: 62/62 MP: 3/3
  3533 | D:5      | Entered Level 5 of the Dungeon
  3533 | D:5      | Noticed Prince Ribbit
  3682 | D:4      | Reached skill level 7 in Armour
  3818 | D:5      | HP: 3/63 [Prince Ribbit (9)]
  3818 | D:5      | Slain by a black bear skeleton

Action                   |  1- 3 |  4- 6 |  7- 9 || total
-------------------------+-------+-------+-------++-------
Melee: Flail             |    80 |   198 |    63 ||   341
  Use: Scroll            |       |     4 |     2 ||     6
       Potion            |       |     2 |     4 ||     6
  Eat: Chunk             |     2 |     6 |     2 ||    10
